 Dungeon Crawl Stone Soup version 0.29-a0-577-gafbf2c5d25 (webtiles) character file.

Game seed: 6093031027631293602

33 DocClef the Sneak (level 3, 0/30 (31) HPs)
             Began as a Draconian Delver on June 13, 2022.
             Killed by nerve-wracking pain
             ... invoked by an orc priest
              (10 damage)
             ... on level 5 of the Dungeon.
             The game lasted 00:00:24 (441 turns).

DocClef the Sneak (Draconian Delver)                 Turns: 441, Time: 00:00:25

HP:   0/30 (31)     AC:  5    Str: 14    XL:     3   Next: 12%
MP:   3/3           EV: 12    Int: 10    God:
Gold: 25            SH:  0    Dex: 14    Spells: 2/2 levels left

rFire   . . .      SeeInvis .   a - +0 short sword
rCold   . . .      Faith    .   (no shield)
rNeg    . . .      Spirit   .   (body armour unavailable)
rPois   .          Reflect  .   (helmet restricted)
rElec   .          Harm     .   (no cloak)
rCorr   .          Rampage  .   (no gloves)
Will    .....                   (no boots)
Stlth   +++.......              g - amulet of the acrobat
HPRegen 0.10/turn               (no ring)
MPRegen 0.08/turn               (no ring)

@: lightly drained
A: AC +5, unfitting armour, cold-blooded
a: no special abilities


You were on level 5 of the Dungeon.
You visited 1 branch of the dungeon, and saw 2 of its levels.

You collected 25 gold pieces.

Inventory:

Hand Weapons
 a - a +0 short sword (weapon)
Jewellery
 g - an amulet of the acrobat (around neck)
Wands
 f - a wand of digging (8)
 h - a wand of iceblast (18)
Scrolls
 b - a scroll of fog
 c - a scroll of magic mapping
 d - a scroll of fear
Potions
 e - a potion of haste


   Skills:
 + Level 3.5 Fighting
 + Level 2.3 Short Blades
 + Level 1.9 Dodging
 + Level 5.1 Stealth


You had 2 spell levels left.
You didn't know any spells.
Your spell library was empty.

Dungeon Overview and Level Annotations

Branches:
Dungeon (5/15)
 Temple: D:4-7

Altars:
Fedhas
Kikubaaqudgha
The Shining One


Innate Abilities, Weirdness & Mutations

Your plain brown scales are hard. (AC +5)
You cannot fit into any form of body armour.
You are cold-blooded and may be slowed by cold attacks.


Message History

There are monsters nearby!
There are monsters nearby!
There are monsters nearby!
There are monsters nearby!
No reachable target in view!
No reachable target in view!
You now have 25 gold pieces (gained 16).
An orc and an orc priest come into view.
The orc priest is wielding a +2 dagger of draining.
Found an ancient bone altar of Kikubaaqudgha.
The orc hits the plant with a +0 hand axe.
The plant begins to die.
The orc shouts!
The orc priest shouts!
The orc hits the plant with a +0 hand axe.
The orc priest invokes the aid of Beogh against you.
Beogh smites you!
The orc shouts!
The orc hits the plant with a +0 hand axe!
The orc priest invokes the aid of Beogh against you.
Beogh smites you!
There is a stone staircase leading up, spattered with blood here.
You hit the orc priest.
Your tail-slap misses the orc priest.
The orc priest is lightly wounded.
The orc priest looks braver for a moment.
You closely miss the orc priest.
The orc priest is lightly wounded.
The orc priest barely misses you.
You barely miss the orc priest. You tail-slap the orc priest.
The orc priest is moderately wounded.
The orc priest hits you with a +2 dagger of draining.
You feel drained.
* * * LOW HITPOINT WARNING * * *
You hit the orc priest but do no damage.
The orc priest is moderately wounded.
The orc priest barely misses you.
You closely miss the orc priest.
The orc priest is moderately wounded.
The orc priest mumbles some strange prayers to Beogh against you.
Pain shoots through your body!
You die...

+....PPP####.....#####..#
#.)..#....#.............#
#....#o...'.............#
#....#....#.............#
####.##...##...##.#######
..####.####o###'######.
........o...............
.............o..........
.............@..........
.............)..........
#....##########...###...
##.####.>..####...######
#+ #.....#........#
#.....+........#
#..##..........#
##.#8..#....#..#
####..#########


You could see an orc priest and 2 orcs.

Vanquished Creatures
  A hound (D:4)
  An orc (D:5)
2 creatures vanquished.

Vanquished Creatures (others)
  3 plants (D:5)
3 creatures vanquished.

Grand Total: 5 creatures vanquished

Notes
Turn   | Place    | Note
-------+----------+-------------------------------------------
     0 | D:5      | DocClef the Draconian Delver began the quest for the Orb.
     0 | D:5      | Reached XP level 1. HP: 19/19 MP: 1/1
    35 | D:5      | Found a glowing golden altar of the Shining One.
    38 | D:5      | Found a blossoming altar of Fedhas.
    43 | D:5      | Noticed a hound
    77 | D:4      | Killed a hound
    78 | D:4      | Reached skill level 5 in Stealth
    78 | D:4      | Reached XP level 2. HP: 2/26 MP: 2/2
    78 | D:4      | Reached XP level 3. HP: 2/31 MP: 3/3
   423 | D:5      | Found an ancient bone altar of Kikubaaqudgha.
   441 | D:5      | Killed from afar by an orc priest

Illustrated notes

Levels and vault maps discovered:
D:4:      layout_loops_cross, lemuel_doored_altar,
          nicolae_hepliaklqana_hippocampus, serial_shops, kennysheep_little_box
D:5:      layout_gridville, gammafunk_temple_overflow_forgotten,
          minmay_temple_entry_enclosed_plants, gammafunk_ghost_hive,
          chequers_hall_statues_wall_a, chequers_arboretum

Skill      XL: |  1 |
---------------+----+-----
Stealth        | 5 |  5.1
Fighting       | |  3.5
Short Blades   | |  2.3
Dodging        | |  1.9

Action                   || total
-------------------------++-------
Melee: Short sword       ||    28
       Tailslap          ||     1
Armor: Skin              ||     7
Dodge: Dodged            ||    28

Table legend: (Time is in decaauts)
 A = Elapsed time spent in this place.
 B = Non-inter-level travel time spent in this place.
 C = Inter-level travel time spent in this place.
 D = Time resting spent in this place.
 E = Time spent auto-exploring this place.
 F = Levels seen in this place.
 G = Mean time per level.
                   A        B        C        D        E       F      G
               +--------+--------+--------+--------+--------+-----+--------+
         Total |    441 |    441 |      0 |    283 |     82 |   2 |  220.5 |
       Dungeon |    441 |    441 |      0 |    283 |     82 |   2 |  220.5 |
               +--------+--------+--------+--------+--------+-----+--------+

Top non-repeatable levels by time:
     D:4: 300 daAuts
     D:5: 140 daAuts
